 Dungeon Crawl Stone Soup version 0.31-a0-859-g9dce7d3444 (webtiles) character file.

Game seed: 6027513315373749744

186 Shayle the Ruffian (level 5, -1/41 HPs)
             Began as a Human Shapeshifter on Oct 9, 2023.
             Slain by a killer bee (5 damage)
             ... on level 3 of the Dungeon.
             The game lasted 00:05:30 (2804 turns).

Shayle the Ruffian (Human Shapeshifter)             Turns: 2804, Time: 00:05:32

Health: -1/41      AC: -14   Str: 15    XL:     5   Next: 98%
Magic:  5/5        EV: 10    Int: 10    God:
Gold:   96         SH:  4    Dex: 14    Spells: 4/4 levels left

rFire   . .          .
                       - Unarmed
rCold   + + .        p - +0 buckler
rNeg    . . .        s - +1 ring mail {rC+}
rPois   .            (helmet currently unavailable)
rElec   .            (cloak currently unavailable)
rCorr   .            (gloves currently unavailable)
SInv    .            (boots currently unavailable)
Will    .....        (no amulet)
Stlth   +            i - ring of protection from cold
HPRegen 0.26/turn    (no ring)
MPRegen 0.09/turn

%: no passive effects
@: beast-form, corroded
A: beast (slay +2)
a: Begin Untransformation


You were on level 3 of the Dungeon.
You were a hulking beast.
You visited 1 branch of the dungeon, and saw 3 of its levels.

You collected 96 gold pieces.

Inventory:

Armour
 a - a +0 animal skin
 p - a +0 buckler (worn)
 q - a +0 ring mail
 s - a +1 ring mail of cold resistance (worn)
Jewellery
 i - a ring of protection from cold (left hand)
Talismans
 b - a talisman of death
 c - a beast talisman (active)
 d - a flux talisman
Wands
 o - a wand of polymorph (9)
Scrolls
 e - a scroll of poison {unknown}
 f - a scroll of fog {unknown}
 j - a scroll of revelation {unknown}
 l - a scroll of summoning {unknown}
 m - a scroll of immolation {unknown}
 t - a scroll of identify
 u - a scroll of teleportation {unknown}
Potions
 g - a potion of mutation
 h - a potion of cancellation {unknown}
 k - a potion of attraction
 n - a potion of might {unknown}
 r - a potion of haste {unknown}


   Skills:
 + Level 3.1 Fighting
 - Level 2.0 Dodging
 + Level 4.2 Unarmed Combat
 + Level 4.1 Shapeshifting


You had 4 spell levels left.
You didn't know any spells.
Your spell library contained the following spells:

 Spells                   Type           Power      Damage    Failure   Level
 Ensorcelled Hibernation  Hex/Ice        0%         N/A       85%         2
 Passwall                 Tmut/Erth      0%         N/A       85%         2
 Swiftness                Air            0%         N/A       97%         3


Dungeon Overview and Level Annotations

Branches:
Dungeon (3/15)

Altars:


Message History

You kill the orc!
Things that are here:
a +0 club; a +0 scale mail HP restored.
You see here an adder corpse.
A jelly comes into view.
The jelly quivers.
There is an open door here.
The jelly closely misses you.
You hit the jelly but do no damage. The acid corrodes you!
Your hands burn!
The jelly hits you but does no damage.
You hit the jelly.
Your hands burn!
The jelly is lightly wounded.
The jelly closely misses you.
You hit the jelly. The acid corrodes you!
Your hands burn!
The jelly is moderately wounded.
The jelly hits you. The acid corrodes you!
You are splashed with acid!
You hit the jelly.
Your hands burn!
The jelly is moderately wounded.
The jelly completely misses you.
You hit the jelly. The acid corrodes you!
Your hands burn!
The jelly is heavily wounded.
You block the jelly's attack.
You hit the jelly but do no damage.
Your hands burn!
The jelly is heavily wounded.
The jelly hits you. The acid corrodes you!
You are splashed with acid.
* * * LOW HITPOINT WARNING * * *
You hit the jelly but do no damage.
Your hands burn!
* * * LOW HITPOINT WARNING * * *
The jelly is heavily wounded.
You block the jelly's attack.
Okay, then.
Okay, then.
Okay, then.
Aiming: Polymorph
Press: ? - help, Shift-Dir - straight line, f - jelly
Aim: a jelly (heavily wounded, will become a killer bee, a frilled lizard, or an iguana, chance to affect: 57%)
The jelly evaporates and reforms as a killer bee!
The killer bee stings you.
You die...

#.....###
#.......# ..#.
#...o†#.# ....
#....o# # #...
#..†.o# #####
#..# #.....#
#.... ..### ##
##...<# #....
#... ...
######
#....###.##
..#
#....'yh..#
####.##
#....###..#
..#... #....
#..### #...
.......
#....###.#
###....
##...†)..#
#....
##.####.#
##### #..# #.#
##.###.# .###
..
#....>###.....


You could see a killer bee.

Vanquished Creatures
  Terence (D:2)
  Ijyb (D:3)
  6 adders
  4 worms (D:2)
  7 orcs
  6 ball pythons
  3 endoplasms
  2 goblins
  3 hobgoblins (D:1)
  3 jackals (D:2)
  10 kobolds
  6 quokkas
  4 bats
  5 frilled lizards
  4 rats
65 creatures vanquished.

Notes
Turn   | Place    | Note
-------+----------+-------------------------------------------
     0 | D:1      | Shayle the Human Shapeshifter began the quest for the Orb.
     0 | D:1      | Reached XP level 1. HP: 15/15 MP: 1/1
   203 | D:1      | Reached XP level 2. HP: 21/21 MP: 2/2
   555 | D:1      | Found a faded altar of an unknown god.
   738 | D:1      | Reached XP level 3. HP: 27/27 MP: 3/3
  1357 | D:2      | Noticed Terence
  1366 | D:2      | Killed Terence
  1367 | D:2      | Reached XP level 4. HP: 33/33 MP: 4/4
  1852 | D:2      | Reached XP level 5. HP: 39/39 MP: 5/5
  2460 | D:3      | Noticed Ijyb
  2497 | D:3      | Killed Ijyb
  2804 | D:3      | Slain by a killer bee

Illustrated notes

Levels and vault maps discovered:
D:1:      wander_arrival_peaceful_grave, layout_basic,
          hellmonk_ecumenical_altar_crossroads,
          amcnicky_mini_rare_corridor_liquid
D:2:      wad_crossroads, layout_basic, uniq_terence
D:3:      layout_basic, makhleb_altar_promises_db, uniq_ijyb

Skill      XL: |  1  2  3  4  5 |
---------------+----------------+-----
Fighting       | 2 3 |  3.1
Unarmed Combat | 4 |  4.2
Shapeshifting  | 4 |  4.1
Dodging        | |  2.0

Action                     |  1- 3 |  4- 6 || total
---------------------------+-------+-------++-------
  Melee: Unarmed           |    93 |   151 ||   244
         Punch             |     3 |     4 ||     7
  Evoke: Wand              |       |     1 ||     1
    Use: Potion            |     1 |       ||     1
         Scroll            |       |     2 ||     2
   Stab: Sleeping          |     2 |     1 ||     3
 Armour: Animal skin       |    42 |    27 ||    69
         Skin              |    11 |     9 ||    20
         Ring mail         |       |    45 ||    45
  Dodge: Dodged            |    58 |    76 ||   134
  Block: Buckler           |       |    17 ||    17

Table legend: (Time is in decaauts)
 A = Elapsed time spent in this place.
 B = Non-inter-level travel time spent in this place.
 C = Inter-level travel time spent in this place.
 D = Time resting spent in this place.
 E = Time spent auto-exploring this place.
 F = Levels seen in this place.
 G = Mean time per level.
                   A        B        C        D        E       F      G
               +--------+--------+--------+--------+--------+-----+--------+
         Total |   2793 |   2702 |     91 |    273 |   1811 |   3 |  931.0 |
       Dungeon |   2793 |   2702 |     91 |    273 |   1811 |   3 |  931.0 |
               +--------+--------+--------+--------+--------+-----+--------+

Top non-repeatable levels by time:
     D:2: 1372 daAuts
     D:1: 1181 daAuts
     D:3: 239 daAuts
